 Dungeon Crawl Stone Soup version 0.26-a0-639-g72c4674329 (webtiles) character file.

Game seed: 13844432694015888906

3779 Flugslaktarn the Cleaver (level 9, 44/88 HPs)
             Began as a Deep Dwarf Fighter on Sept 23, 2020.
             Was a Follower of Makhleb.
             Quit the game on level 9 of the Dungeon.
             The game lasted 00:04:28 (5403 turns).

Flugslaktarn the Cleaver (Deep Dwarf Fighter)       Turns: 5403, Time: 00:04:28

Health: 44/88      AC: 13    Str: 25    XL:     9   Next: 95%
Magic:  6/6        EV: 10    Int:  9    God:    Makhleb [*.....]
Gold:   0          SH:  0    Dex: 12    Spells: 8/8 levels left

rFire    + + .     SeeInvis .   k - +0 battleaxe "Wonumi" {vorpal, Str+2} (curse)
rCold    + . .     Faith    .   (shield currently unavailable)
rNeg     . . .     Spirit   .   o - +0 chain mail of Uskayaw's Approval {*Drain rF++ Regen+} (curse)
rPois    .         Reflect  .   (no helmet)
rElec    .         Harm     .   (no cloak)
rCorr    .         Rampage  .   v - +0 pair of gloves
MR       .....                  l - +0 pair of boots
Stlth    ..........             (no amulet)
HPRegen  0.00/turn              c - ring of protection from cold
MPRegen  0.10/turn              (no ring)

@: silence, vulnerable, non-regenerating
A: damage resistance, heal wounds, sense surroundings 2, no regeneration
a: Heal Wounds, Renounce Religion


You were on level 9 of the Dungeon.
You worshipped Makhleb.
Makhleb was aware of your devotion.
You visited 2 branches of the dungeon, and saw 10 of its levels.

You collected 304 gold pieces.
You spent 304 gold pieces at shops.

Inventory:

Hand Weapons
 a - a +0 war axe
 k - the cursed +0 battleaxe "Wonumi" (weapon) {vorpal, Str+2}
   (You bought it in a shop on level 5 of the Dungeon)

   It inflicts extra damage upon your enemies.
   It affects your strength (+2).
   It has a curse placed upon it.
Armour
 f - a scarf of harm
   (You found it on level 5 of the Dungeon)
 l - a +0 pair of boots (worn)
   (You found it on level 5 of the Dungeon)
 o - the cursed +0 chain mail of Uskayaw's Approval (worn) {*Drain rF++ Regen+}
   (You found it on level 8 of the Dungeon)

   It greatly protects you from fire.
   It increases your rate of regeneration.
   It causes draining when unequipped.
   It has a curse placed upon it.
 v - a +0 pair of gloves (worn)
   (You found it on level 9 of the Dungeon)
Jewellery
 c - a ring of protection from cold (left hand)
   (You found it on level 5 of the Dungeon)
 e - an uncursed amulet of the acrobat {unknown}
   (You found it on level 9 of the Dungeon)
Scrolls
 g - 2 scrolls of enchant armour
 h - a scroll of fog
 j - a scroll of immolation
 n - a scroll of random uselessness {unknown}
 p - a scroll of vulnerability
 q - a scroll of silence
 r - a scroll of identify
 t - 5 scrolls of teleportation
Potions
 b - a potion of lignification {unknown}
 d - a potion of might
 m - a potion of heal wounds {unknown}
 s - a potion of haste {unknown}


   Skills:
 * Level 8.1 Fighting
 * Level 9.5 Axes
 + Level 7.2 Armour
 + Level 3.0 Dodging
   Level 4.7 Shields
 + Level 3.9 Invocations


You had 8 spell levels left.
You didn't know any spells.
Your spell library was empty.

Dungeon Overview and Level Annotations

Branches:
Dungeon (9/15)             Temple (1/1) D:7
   Lair: D:8-11         Orc: D:9-12

Altars:
Ashenzari
Cheibriados
Elyvilon
Fedhas
Gozag
Hepliaklqana
Kikubaaqudgha
Makhleb
Nemelex Xobeh
Okawaru
Qazlal
Ru
Trog
Vehumet
Wu Jian
Xom
Yredelemnul
Lugonu

Shops:
D:5 **!   D:6 [

Annotations:
D:7 2 transporters
D:9 Maurice


Innate Abilities, Weirdness & Mutations

You are resistant to damage.
You can heal yourself by infusing magical energy.
You passively map the area around you.
You do not regenerate.


Message History

Something hits you.
Something mutters, "Now where did you hide it?"
You hear some strange, mumbled words.
You see here a stone.
You slash something! Something hits you.
Something groans, "What are you, a monk?"
You hear some strange, mumbled words.
A stone appears from out of thin air!
The stone hits you.
A stone appears from out of thin air!
The stone hits you but does no damage.
You see here a stone.
You see here a stone.
You see here a stone.
As you read the scroll labeled GIWATIAPRE, it crumbles to dust.
Magic quickly surges around you.
It was a scroll of vulnerability.
Something picks up a stone.
As you read the scroll labeled MEPUXA JIOCOAGGUAKK, it crumbles to dust.
A profound silence engulfs you.
It was a scroll of silence.
A stone appears from out of thin air!
The stone hits you but does no damage.
Unknown command.
Are you sure you want to abandon this character and quit the game? (Confirm with "yes".)

#......(....(....#.##..#
#.##.)..{....##....#..##
#.###.((.....##.#.##.##.
#:#..........##...#..#..
#.#.........)##..##.##..
#.#.......(......##.#...
###...........(...##..#.##
#..(##.........(..##..#...
#.#.###..@(..((.((##.....#
########...# ##..........##.#####
#...#....[#########.........##...
..................####...).......
...................(.......####..
........>...........#####..# #...
....................# ##.###..#
....................# #.##....
#...#...............# ##.......


There were no monsters in sight!

Vanquished Creatures
  A hippogriff (D:7)
  Grinder (D:4)
  4 yaks (D:9)
  2 orc warriors
  2 ice beasts (D:7)
  3 sky beasts
  2 phantoms
  3 ogres
  2 centaurs
  4 bullfrogs
  A big kobold (D:9)
  5 wights (D:7)
  A bullfrog zombie (D:8)
  A centaur zombie (D:6)
  4 orc priests
  3 hounds
  2 jellies (D:9)
  A centaur skeleton (D:7)
  10 orc wizards
  Terence (D:2)
  2 iguanas
  7 worker ants
  8 adders
  2 shadow imps
  2 white imps
  3 ufetubi
  2 adder zombies (D:9)
  3 leopard geckos
  22 orcs
  A ball python (D:2)
  3 giant cockroaches
  2 goblins
  A hobgoblin (D:2)
  17 jackals
  4 quokkas
  4 frilled lizards
  8 kobolds
  A quokka skeleton (D:4)
  A rat (D:3)
146 creatures vanquished.

Notes
Turn   | Place    | Note
-------+----------+-------------------------------------------
     0 | D:1      | Flugslaktarn the Deep Dwarf Fighter began the quest for the
                  | Orb.
     0 | D:1      | Reached XP level 1. HP: 20/20 MP: 1/1
   127 | D:2      | Noticed Terence
   134 | D:2      | Killed Terence
   134 | D:2      | Reached XP level 2. HP: 25/28 MP: 2/2
   134 | D:2      | Reached XP level 3. HP: 30/34 MP: 3/3
   143 | D:2      | Reached skill level 3 in Axes
   425 | D:4      | Reached XP level 4. HP: 34/42 MP: 4/4
   476 | D:4      | Noticed Grinder
   501 | D:4      | Killed Grinder
   501 | D:4      | Reached skill level 4 in Axes
   501 | D:4      | Reached XP level 5. HP: 23/50 MP: 5/5
   501 | D:4      | Reached XP level 6. HP: 27/57 MP: 6/6
  1089 | D:5      | Entered Level 5 of the Dungeon
  1204 | D:5      | Noticed a sky beast
  1218 | D:5      | Reached skill level 5 in Axes
  1218 | D:5      | Reached XP level 7. HP: 37/66 MP: 7/7
  1281 | D:5      | Found Rebut's General Store.
  1284 | D:5      | Bought a scroll of identify for 28 gold pieces
  1532 | D:5      | Found Wittaniq's Distillery.
  1758 | D:5      | Reached skill level 5 in Fighting
  1827 | D:5      | Found Plog's Assorted Antiques.
  1883 | D:5      | Found an ornate altar of the Wu Jian Council.
  2148 | D:6      | Reached skill level 5 in Armour
  2154 | D:6      | Reached skill level 6 in Axes
  2273 | D:6      | Reached XP level 8. HP: 29/76 MP: 7/7
  2350 | D:6      | Found Syfuf's Armour Emporium.
  2491 | D:6      | Found a shattered altar of Ashenzari.
  2498 | D:6      | Found an opulent altar of Gozag.
  2641 | D:6      | Found a sand-covered staircase.
  2653 | D:6      | Reached skill level 7 in Axes
  3088 | D:7      | Noticed a hippogriff
  3103 | D:7      | Killed a hippogriff
  3103 | D:7      | Reached skill level 8 in Axes
  3277 | D:7      | Found a staircase to the Ecumenical Temple.
  3333 | D:7      | Found a transporter.
  3393 | Temple   | Entered the Ecumenical Temple
  3468 | Temple   | Became a worshipper of Makhleb the Destroyer
  3596 | D:5      | Bought a warped battleaxe for 276 gold pieces
  3601 | D:5      | Identified the cursed +0 battleaxe "Wonumi" {vorpal, Str+2}
                  | (You bought it in a shop on level 5 of the Dungeon)
  3770 | D:7      | Found a corrupted altar of Lugonu.
  3795 | D:7      | Gained mutation: You passively map the area around you.
                  | [Deep Dwarf growth]
  3795 | D:7      | Reached XP level 9. HP: 41/86 MP: 5/5
  3834 | D:7      | Reached skill level 1 in Invocations
  3878 | D:7      | Reached skill level 1 in Dodging
  3947 | D:7      | Found a transporter.
  3947 | D:7      | Noticed a purple ugly thing
  4056 | D:8      | Got a sapphire-encrusted chain mail
  4067 | D:8      | Identified the cursed +0 chain mail of Uskayaw's Approval
                  | {*Drain rF++ Regen+} (You found it on level 8 of the
                  | Dungeon)
  4293 | D:8      | Found an iron altar of Okawaru.
  4399 | D:9      | Reached * piety under Makhleb
  4560 | D:9      | Reached skill level 9 in Axes
  4580 | D:9      | Noticed Maurice
  5403 | D:9      | Quit the game

Illustrated notes

Levels and vault maps discovered:
D:1:      scummos_arrival_star, layout_basic, minivault_19
D:2:      layout_basic, uniq_terence
D:3:      layout_loops_cross, ebering_ghost_reflecting_pool, kennysheep_potato,
          uniq_natasha
D:4:      wander_river, layout_loops_corners, uniq_grinder
D:5:      layout_loops_corners, lemuel_round_altar, serial_shops,
          nicolae_shop_window_shopping, shop, nicolae_shop_behind_doors,
          serial_co_window_serial, co_window_cross_1, co_window_paths_a,
          co_window_paths_a, co_window_paths_b, co_window_paths_a,
          co_window_cross_2, co_window_corner_cb, co_window_2corner,
          co_window_of_opportunity_b, glass_columns_a, glass_columns_c,
          glass_columns_a, glass_columns_c
D:6:      layout_basic, amethyst_overflow_temple_binary, enter_ossuary_2,
          serial_shops, shop, kennysheep_opposing_triangles
D:7:      gammafunk_corrupted_shrine, layout_basic, lemuel_temple_firewalk_a,
          serial_corexii_hall, corexii_hall_statues_l, corexii_hall_statues_i
D:8:      layout_cave_pools, kennysheep_okawaru_gauntlet
D:9:      minmay_evil_eye, layout_rooms, uniq_maurice
Temple:   hc_temple_tempest_star

Skill      XL: |  1  2  3  4  5  6  7  8  9 |
---------------+----------------------------+-----
Fighting       | 3 4 5 7 8 |  8.1
Axes           | 3 4 5 6 8 9 |  9.5
Armour         | 4 5 6 7 |  7.2
Shields        | 4 |  4.7
Invocations    | 3 |  3.9
Dodging        | 3 |  3.0

Action                   |  1- 3 |  4- 6 |  7- 9 || total
-------------------------+-------+-------+-------++-------
Melee: War axe           |    55 |    90 |   240 ||   385
       Battleaxe         |       |       |   182 ||   182
 Abil: Heal Wounds       |       |     3 |    24 ||    27
  Use: Scroll            |       |       |    13 ||    13
       Potion            |       |       |     2 ||     2
Armor: Scale mail        |    20 |    28 |    61 ||   109
       Chain mail        |       |       |   224 ||   224
       Skin              |       |       |    11 ||    11
Dodge: Dodged            |    16 |    25 |   164 ||   205
Block: Kite shield       |    26 |    61 |   152 ||   239

Table legend: (Time is in decaauts)
 A = Elapsed time spent in this place.
 B = Non-inter-level travel time spent in this place.
 C = Inter-level travel time spent in this place.
 D = Time resting spent in this place.
 E = Time spent auto-exploring this place.
 F = Levels seen in this place.
 G = Mean time per level.
                   A        B        C        D        E       F      G
               +--------+--------+--------+--------+--------+-----+--------+
         Total |   5623 |   5074 |    549 |    100 |   3600 |  10 |  562.3 |
       Dungeon |   5516 |   4997 |    519 |    100 |   3526 |   9 |  612.9 |
        Temple |    106 |     77 |     29 |      0 |     74 |   1 |  106.0 |
               +--------+--------+--------+--------+--------+-----+--------+

Top non-repeatable levels by time:
     D:5: 1186 daAuts
     D:9: 1102 daAuts
     D:7: 952 daAuts
     D:4: 822 daAuts
     D:6: 784 daAuts
     D:8: 333 daAuts
     D:2: 213 daAuts
  Temple: 106 daAuts
     D:1: 88 daAuts
     D:3: 32 daAuts
